 Dungeon Crawl Stone Soup version 0.31-a0-981-geadf994542 (webtiles) character file.

Game seed: 10367160633560510751

7990 wildpjah the Carver (level 11, -6/86 HPs)
             Began as a Djinni Gladiator on Oct 31, 2023.
             Was an Elder of Ashenzari.
             Killed from afar by a rime drake (33 damage)
             ... with an icy flash freeze
             ... on level 8 of the Dungeon.
             The game lasted 00:33:23 (9404 turns).

wildpjah the Carver (Djinni Gladiator)              Turns: 9404, Time: 00:33:23

Health: -6/86      AC:  5    Str: 13    XL:     11   Next: 47%
Gold:   536        EV: 21    Int: 13    God:    Ashenzari [****..] SH:  5 Dex: 28

rFire   + + .        a - +0 long sword of the Perceptive Welkin {Melee, Bglg} (curse)
rCold   x . .        (no shield)
rNeg    . . .        b - +0 leather armour of the Wild Blue Yonder {Elem, Melee} (curse)
rPois   ∞            c - +0 helmet "Bound Suspicion" {Range, Bglg} (curse)
rElec   .            t - +0 cloak "Thunder Perfect Mind" {Elem, Cun} (curse)
rCorr   .            (no gloves)
SInv    +            (boots unavailable)
Will    +....        y - amulet "Oscillating Fan" {Reflect SH+5, Range, Self} (curse)
Stlth   +++          m - ring of the Unveiling Cosmos {Dex+6, Comp, Bglg} (curse)
HPRegen 0.34/turn    p - +6 ring of dexterity
MPRegen 0.00/turn

%: reflection, clarity, infuse magic (-7 HP)
@: flying, studying Stealth
A: sickness immunity, fire resistance 2, cold vulnerability 1, float, innate
caster, HP casting, extra vitality 1
a: Renounce Religion, Shatter the Chains


You were on level 8 of the Dungeon.
You worshipped Ashenzari.
Ashenzari was greatly pleased with you.
You visited 2 branches of the dungeon, and saw 9 of its levels.
You also visited: Bailey.

You collected 536 gold pieces.

Inventory:

Hand Weapons
 a - the cursed +0 long sword of the Perceptive Welkin (weapon) {Melee, Bglg}

   It has a curse which improves the following skills: Melee Combat: Short
   Blades, Long Blades, Axes, Maces & Flails, Polearms, Staves and Unarmed
   Combat.
   Beguiling: Conjurations, Hexes and Translocations.
 B - a +0 short sword of electrocution
 G - a +0 falchion
 I - the +6 trident of the Realm of Zot {vamp, Fly rElec Int+6 Stlth-}
   (You found it on level 6 of the Dungeon)

   Int+6:     It affects your intelligence (+6).
   rElec:     It insulates you from electricity.
   Fly:       It grants you flight.
   Stlth-:    It makes you less stealthy.
 L - a +0 long sword of electrocution
 M - a +0 long sword
 N - a +0 scimitar
 O - a +0 great sword of venom
Missiles
 d - 4 throwing nets
 e - a javelin
Armour
 b - the cursed +0 leather armour of the Wild Blue Yonder (worn) {Elem, Melee}

   It has a curse which improves the following skills: Elements: Fire Magic, Ice
   Magic, Air Magic and Earth Magic.
   Melee Combat: Short Blades, Long Blades, Axes, Maces & Flails, Polearms,
   Staves and Unarmed Combat.
 c - the cursed +0 helmet "Bound Suspicion" (worn) {Range, Bglg}

   It has a curse which improves the following skills: Ranged Combat: Ranged
   Weapons and Throwing.
   Beguiling: Conjurations, Hexes and Translocations.
 t - the cursed +0 cloak "Thunder Perfect Mind" (worn) {Elem, Cun}
   (You took it off Crazy Yiuf on level 3 of the Dungeon)

   It has a curse which improves the following skills: Elements: Fire Magic, Ice
   Magic, Air Magic and Earth Magic.
   Cunning:   Dodging and Stealth.
 A - a +0 helmet
 C - a +2 robe of fire resistance
Magical Staves
 n - a staff of earth
Jewellery
 m - the cursed ring of the Unveiling Cosmos (left hand) {Dex+6, Comp, Bglg}
   (You found it on level 2 of the Dungeon)

   [ring of dexterity]

   Dex+6:     It affects your dexterity (+6).
   It has a curse which improves the following skills: Companions: Summonings
   and Necromancy.
   Beguiling: Conjurations, Hexes and Translocations.
 p - a +6 ring of dexterity (right hand)
 u - a ring of positive energy
 v - a ring of resist corrosion
 y - the cursed amulet "Oscillating Fan" (around neck) {Reflect SH+5, Range, Self}
   (You found it on level 5 of the Dungeon)

   [amulet of reflection]

   Reflect:   It reflects blocked missile attacks.
   SH+5:      It affects your SH (+5).
   It has a curse which improves the following skills: Ranged Combat: Ranged
   Weapons and Throwing.
   Introspection: Fighting and Spellcasting.
Wands
 z - a wand of flame (13)
 E - a wand of polymorph (9)
 F - a wand of charming (7)
 K - a wand of mindburst (12)
Scrolls
 g - 2 scrolls of enchant armour
 j - 3 scrolls of blinking
 l - 3 scrolls of fear
 o - 7 scrolls of identify
 r - a scroll of immolation
 s - 5 scrolls of teleportation
 w - a scroll of poison
 D - 2 scrolls of fog
 H - a scroll of revelation
Potions
 h - 5 potions of brilliance
 i - 10 potions of heal wounds
 k - a potion of enlightenment
 q - 3 potions of lignification
 x - a potion of ambrosia
 J - a potion of mutation


   Skills:
 * Level 8.7(10.6) Fighting
 + Level 9.7(12.4) Long Blades
 - Level 1.7(3.6) Throwing
 + Level 3.9 Armour
 + Level 8.0(9.9) Dodging
 + Level 3.4(5.1) Stealth
 + Level 2.8 Shields
 * Level 4.4(6.1) Spellcasting
 * Level 4.4(7.7) Conjurations
 * Level 4.4(7.7) Hexes
 * Level 4.4(6.1) Summonings
 * Level 4.4(6.1) Necromancy
 * Level 4.4(7.7) Translocations
 * Level 4.4 Transmutations
 * Level 4.4(6.9) Fire Magic
 * Level 4.4(6.9) Ice Magic
 * Level 4.4(6.9) Air Magic
 * Level 4.4(6.9) Earth Magic
 * Level 4.4 Poison Magic
 + Level 0.1 Evocations


You knew the following spells:

 Your Spells              Type           Power      Damage    Failure   Level
a - Slow                  Hex            96%        N/A       1%          1
b - Passwall              Tmut/Erth      15%        N/A       3%          2
c - Stone Arrow           Conj/Erth      46%        3d9       3%          3
d - Inner Flame           Hex/Fire       23%        N/A       3%          3
e - Fulminant Prism       Conj/Hex       12%        3d9       9%          4
Your spell library was empty.

Dungeon Overview and Level Annotations

Branches:
Dungeon (8/15)             Temple (1/1) D:4            Lair (0/5) D:8
 Bailey (visited)

Altars:
Ashenzari
Cheibriados
Dithmenos
Elyvilon
Gozag
Hepliaklqana
Nemelex Xobeh
Okawaru
Qazlal
Trog
Uskayaw
Wu Jian
Xom
Yredelemnul
Zin
The Shining One

Annotations:
D:4 Duvessa


Innate Abilities, Weirdness & Mutations

You are immune to sickness and miasma.
You are immune to poison.
Your flesh is very heat resistant. (rF++)
You are vulnerable to cold. (rC-)
You float through the air rather than walking.
You learn spells naturally, not from books.
Your magical power is your life essence.
You have superior vitality. (+4 MHP)


Message History

You completely miss the polar bear.
The polar bear is heavily wounded.
You slash the polar bear!
The polar bear is almost dead.
The polar bear misses you. The polar bear barely misses you.
The polar bear misses you.
You slash the polar bear!
You kill the polar bear!
You hit the wolf.
The wolf is lightly wounded.
The wolf barely misses you.
Aiming: Slow (safe; 1% risk of failure)
Press: ? - help, Q - select action, (/) - cycle Shift-Dir - straight line, f - wolf
Aim: a wolf (lightly wounded, chance to affect: 55%)
The wolf resists with significant effort.
The wolf completely misses you. The wolf bites you!
You hit the wolf.
The wolf is moderately wounded.
The wolf barely misses you.
You hit the wolf.
The wolf is heavily wounded.
The wolf misses you. The wolf closely misses you.
You hit the wolf but do no damage.
The wolf is heavily wounded.
The wolf bites you but does no damage.
You slash the wolf!
The wolf is almost dead.
The wolf barely misses you.
You slice the wolf!!
You kill the wolf!
Aiming: Slow (safe; 1% risk of failure)
Press: ? - help, Q - select action, (/) - cycle Shift-Dir - straight line, f - rime drake
Aim: a rime drake (chance to affect: 55%)
The rime drake seems to slow down.
The rime drake bites you but does no damage.
You slash the rime drake!
The rime drake is heavily wounded.
The rime drake breathes ice at you. The icy flash freeze hits you!!
You feel a painful chill!
You die...

###### ######### .....#
#.......# .....# #.......#
***** .....##########.......#
*,,,, .....'................#
*,,,,
###..###########'########,,,,
..##.# #.#*,,#...*,,, ...###
#@####....,,,,
.#..############k#.......,,,,
.##..#.....(..##.#.......,,,,
###..#........##.........~,,
###..#........#...kh.....,,
###..#........'....#.#...*
###.................#.#,**
.,##..........#....#....,*
#####...................,,


You could see a rime drake (slow, catching breath).

Vanquished Creatures
  2 vault guards (Bailey)
  An ugly thing (D:8)
  Joseph (D:7)
  2 polar bears (D:8)
  Prince Ribbit (Bailey)
  Grinder (D:5)
  Eustachio (D:4)
  3 yaks (D:8)
  3 humans (Bailey)
  2 water moccasins
  2 sky beasts
  An ice beast (D:8)
  A black bear (D:5)
  4 ogres
  A wolf (D:8)
  2 centaurs (D:6)
  A phantom (D:6)
  14 bullfrogs
  9 scorpions
  8 wights (D:7)
  Dowan (D:4)
  3 howler monkeys (D:7)
  3 jellies
  A gnoll bouda (D:6)
  Crazy Yiuf (D:3)
  5 hounds
  A sleepcap (D:7)
  7 iguanas
  Ijyb (D:5)
  Natasha (thrice) (D:3)
  5 orc wizards
  Robin (D:3)
  15 gnolls
  13 adders
  2 ufetubi (D:6)
  3 worms
  2 dart slugs
  23 orcs
  3 bats
  6 endoplasms
  3 giant cockroaches
  15 goblins
  5 hobgoblins
  14 jackals
  4 kobolds
  6 quokkas
  9 ball pythons
  4 frilled lizards
  A rat (D:2)
220 creatures vanquished.

Vanquished Creatures (others)
  A fulminant prism (D:8)
1 creature vanquished.

Grand Total: 221 creatures vanquished

Notes
Turn   | Place    | Note
-------+----------+-------------------------------------------
     0 | D:1      | wildpjah the Djinni Gladiator began the quest for the Orb.
     0 | D:1      | Reached XP level 1. HP: 18/18 MP: 0/0
   135 | D:1      | Reached XP level 2. HP: 14/23 MP: 0/0
   372 | D:1      | Reached XP level 3. HP: 18/28 MP: 0/0
   372 | D:1      | Learned a level 1 spell: Slow
   656 | D:2      | Reached skill level 3 in Long Blades
   691 | D:2      | Reached XP level 4. HP: 19/34 MP: 0/0
  1245 | D:2      | Found a faded altar of an unknown god.
  1261 | D:2      | Prayed at the altar of an unknown god.
  1261 | D:2      | Became a worshipper of Ashenzari the Shackled
  1377 | D:2      | Reached XP level 5. HP: 38/40 MP: 0/0
  1377 | D:2      | Learned a level 2 spell: Passwall
  1626 | D:2      | Reached skill level 1 in Armour
  1859 | D:3      | Noticed Robin
  1984 | D:3      | Killed Robin
  2057 | D:3      | Reached * piety under Ashenzari
  2140 | D:3      | Noticed Natasha
  2152 | D:3      | Killed Natasha
  2153 | D:3      | Reached skill level 4 in Long Blades
  2153 | D:3      | Reached XP level 6. HP: 29/46 MP: 0/0
  2171 | D:3      | Noticed Natasha
  2186 | D:3      | Killed Natasha
  2442 | D:3      | Found a runed translucent door.
  2443 | D:3      | Noticed Crazy Yiuf
  2453 | D:3      | Killed Crazy Yiuf
  2589 | D:3      | Noticed Natasha
  2604 | D:3      | Killed Natasha
  2663 | D:3      | Found a glowing silver altar of Zin.
  2754 | D:4      | Noticed Duvessa
  2949 | D:4      | Found a staircase to the Ecumenical Temple.
  3066 | Temple   | Entered the Ecumenical Temple
  3074 | D:4      | Noticed Dowan
  3094 | D:4      | Killed Dowan
  3095 | D:4      | Reached XP level 7. HP: 32/50 MP: 0/0
  3095 | D:4      | Learned a level 3 spell: Stone Arrow
  3285 | D:4      | Reached skill level 5 in Dodging
  3285 | D:4      | Reached skill level 1 in Stealth
  3326 | D:4      | Noticed Eustachio
  3344 | D:4      | Killed Eustachio
  3645 | D:4      | Reached ** piety under Ashenzari
  3782 | D:4      | Reached skill level 5 in Long Blades
  3782 | D:4      | Reached XP level 8. HP: 58/58 MP: 0/0
  3959 | D:5      | Entered Level 5 of the Dungeon
  4176 | D:5      | Reached skill level 1 in Spellcasting
  4176 | D:5      | Reached skill level 1 in Conjurations
  4176 | D:5      | Reached skill level 1 in Hexes
  4176 | D:5      | Reached skill level 1 in Summonings
  4176 | D:5      | Reached skill level 1 in Necromancy
  4176 | D:5      | Reached skill level 1 in Translocations
  4176 | D:5      | Reached skill level 1 in Transmutations
  4176 | D:5      | Reached skill level 1 in Fire Magic
  4176 | D:5      | Reached skill level 1 in Ice Magic
  4176 | D:5      | Reached skill level 1 in Air Magic
  4176 | D:5      | Reached skill level 1 in Earth Magic
  4176 | D:5      | Reached skill level 1 in Poison Magic
  4417 | D:5      | Noticed Grinder
  4430 | D:5      | Killed Grinder
  4431 | D:5      | Reached skill level 5 in Fighting
  4561 | D:5      | Found a glowing golden altar of the Shining One.
  4567 | D:5      | Reached skill level 6 in Long Blades
  4628 | D:5      | Noticed Ijyb
  4641 | D:5      | Killed Ijyb
  4642 | D:5      | Reached XP level 9. HP: 62/65 MP: 0/0
  4642 | D:5      | Learned a level 3 spell: Inner Flame
  5085 | D:5      | Reached *** piety under Ashenzari
  5230 | D:6      | Found a shadowy altar of Dithmenos.
  5360 | D:6      | Reached skill level 7 in Long Blades
  5628 | D:6      | Reached skill level 1 in Shields
  6037 | D:6      | Identified the +6 trident of the Realm of Zot {vamp, Fly
                  | rElec Int+6 Stlth-}
  6187 | D:6      | Found a shimmering altar of Xom.
  6279 | D:6      | Found a sparkling altar of Nemelex Xobeh.
  6389 | D:7      | Reached XP level 10. HP: 70/73 MP: 0/0
  7379 | D:7      | Noticed Joseph
  7397 | D:7      | Killed Joseph
  7398 | D:7      | Reached skill level 8 in Long Blades
  7770 | D:8      | Reached **** piety under Ashenzari
  7884 | D:8      | Found a flagged portal.
  7915 | Bailey   | Entered a bailey
  8204 | Bailey   | Noticed a vault guard
  8218 | Bailey   | Killed a vault guard
  8437 | Bailey   | Noticed Prince Ribbit
  8437 | Bailey   | Noticed a vault guard
  8457 | Bailey   | Killed Prince Ribbit
  8466 | Bailey   | Killed a vault guard
  8467 | Bailey   | Reached skill level 9 in Long Blades
  8467 | Bailey   | Reached XP level 11. HP: 56/85 MP: 0/0
  8467 | Bailey   | Learned a level 4 spell: Fulminant Prism
  8789 | D:8      | Noticed a purple ugly thing
  8822 | D:8      | Killed a purple ugly thing
  9371 | D:8      | Found a staircase to the Lair.
  9404 | D:8      | Killed from afar by a rime drake

Illustrated notes

Levels and vault maps discovered:
D:1:      minmay_arrival_wavy_path, layout_basic
D:2:      layout_basic, hellmonk_ecumenical_altar_inner_sanctum,
          minmay_surrounded
D:3:      layout_rooms, mainiacjoe_overflow_surrounded_room,
          corexii_corridor_pit, uniq_robin, uniq_natasha,
          uniq_crazy_yiuf_cottage
D:4:      kennysheep_spiral_hall, layout_basic, minmay_temple_entry_glass,
          st_stairs_6, uniq_eustachio, uniq_duvessa
D:5:      layout_loops_ring, nicolae_tso_carved_into_rock, uniq_grinder,
          uniq_ijyb
D:6:      layout_cave_pools, fiery_altar_vehumet, lemuel_round_altar,
          mainiacjoe_overflow_swirl, mainiacjoe_overflow_alcove_4, st_stairs_5,
          hex_tiny, minmay_manual_monolith
D:7:      layout_basic, uniq_joseph
D:8:      minmay_chambers_of_fours, layout_basic, hellmonk_lair_entry_icy,
          enter_bailey_7, hangedman_glass_teeth, st_stairs_8
Temple:   nicolae_temple_no_exploring_needed

Skill      XL: |  1  2  3  4  5  6  7  8  9 10 11 |
---------------+----------------------------------+-----
Long Blades    | 3 4 5 6 7 9 |  9.7
Dodging        | 4 5 6 7 8 |  8.0
Armour         | 1 2 3 |  3.9
Fighting       | 3 4 5 6 8 |  8.7
Stealth        | 1 2 3 |  3.4
Spellcasting   | 1 2 4 |  4.4
Conjurations   | 1 2 4 |  4.4
Hexes          | 1 2 4 |  4.4
Summonings     | 1 2 4 |  4.4
Necromancy     | 1 2 4 |  4.4
Translocations | 1 2 4 |  4.4
Transmutations | 1 2 4 |  4.4
Fire Magic     | 1 2 4 |  4.4
Ice Magic      | 1 2 4 |  4.4
Air Magic      | 1 2 4 |  4.4
Earth Magic    | 1 2 4 |  4.4
Poison Magic   | 1 2 4 |  4.4
Shields        | 1 2 |  2.8
Throwing       | |  1.7
Evocations     | |  0.1

Action                     |  1- 3 |  4- 6 |  7- 9 | 10-12 || total
---------------------------+-------+-------+-------+-------++-------
  Melee: Long sword        |    61 |   190 |   289 |   267 ||   807
         Punch             |     2 |     3 |     5 |     2 ||    12
  Throw: Javelin           |       |     2 |     1 |     1 ||     4
         Throwing net      |       |       |     1 |       ||     1
   Cast: Slow              |     2 |     6 |     6 |     5 ||    19
         Stone Arrow       |       |       |    19 |    34 ||    53
         Inner Flame       |       |       |       |     2 ||     2
         Fulminant Prism   |       |       |       |     1 ||     1
 Invoke: Curse Item        |       |     2 |     3 |     1 ||     6
  Evoke: Wand              |       |       |       |     3 ||     3
    Use: Potion            |       |       |       |     1 ||     1
         Scroll            |       |       |       |     1 ||     1
   Stab: Sleeping          |       |     3 |     8 |     2 ||    13
         Held in net/web   |       |       |     1 |       ||     1
         Distracted        |       |       |     1 |       ||     1
 Armour: Leather armour    |    35 |   124 |   147 |    82 ||   388
  Dodge: Dodged            |    52 |   179 |   313 |   177 ||   721
  Block: Other             |       |       |    40 |    43 ||    83
         Reflection        |       |       |     1 |       ||     1

Table legend: (Time is in decaauts)
 A = Elapsed time spent in this place.
 B = Non-inter-level travel time spent in this place.
 C = Inter-level travel time spent in this place.
 D = Time resting spent in this place.
 E = Time spent auto-exploring this place.
 F = Levels seen in this place.
 G = Mean time per level.
                   A        B        C        D        E       F      G
               +--------+--------+--------+--------+--------+-----+--------+
         Total |   9456 |   9327 |    129 |      0 |   7448 |  10 |  945.6 |
       Dungeon |   8645 |   8516 |    129 |      0 |   6767 |   8 | 1080.6 |
        Temple |      1 |      1 |      0 |      0 |      0 |   1 |    1.0 |
        Bailey |    808 |    808 |      0 |      0 |    681 |   1 |  808.0 |
               +--------+--------+--------+--------+--------+-----+--------+

Top non-repeatable levels by time:
     D:7: 1397 daAuts
     D:4: 1246 daAuts
     D:6: 1234 daAuts
     D:5: 1152 daAuts
     D:2: 1116 daAuts
     D:3: 1026 daAuts
     D:8: 820 daAuts
  Bailey: 808 daAuts
     D:1: 649 daAuts
  Temple: 1 daAuts
